← All builds
Geo / Armada / Economy first / OBSERVED BUILD

Seeker hover raid

Geo builds a Hovercraft Platform very early and raids with Seeker hovercraft from 4:44, reaching the enemy base in most games, a distinct detour from the usual T2-first Geo plan.

Usually blows up the commander for T2 (71%)

#raid #amphibious · 14 distinct matches · 10 players · 1% of Armada Geo games · team won 79% of 14 · Recently observed

THE CATCH, AND WHAT COMES WITH IT
  • SeekerHover raid from 4:44 · 1% of role by thenFrom the Hovercraft Platform. Only 1% of Geo games have it by then; others who build it get it around 7:14
  • Hovercraft PlatformHovercraft Platform in 100%1% of all Geo games by then

Where those units first fight, in 14 games with kill data: in the middle 79%, in the enemy base 14%, on their own side 7%.

Those units destroy a typical 1,256 metal of enemy units by 15:00.

Then transitions into Starlight (25% of army), Jaguar (10% of army), bomber (9% of army).

HOW TO PLAY IT

Key timing: Hovercraft Platform by 4:16

  1. Open mex and wind fast, then Bot Lab and geo as usual.
  2. Build a Hovercraft Platform almost immediately instead of army lab.
  3. Push Seeker hovercraft raiders straight into the enemy base.
  4. Keep upgrading mex and geo while raid keeps pressure on.
  5. Transition into Starlight and normal T2 support for front.

Phase by phase

TYPICAL OF ITS 14 GAMES · AGAINST STANDARD GEO
  1. 1
  2. 2
  3. 3
  4. 4
PLAY THE OPENING

Follow the example game's first 6:00 step by step: what to build now, what comes next, and where it goes. At 1× it keeps pace with your own game.

  1. 1

    Up to the Bot Lab

    Economy
    • Metal Extractor2Mex
    • Wind Turbine4Wind+2 vs standard
    Order
    1. Bot LabBot Lab after 2 mex, 4 winddone ~1:00, middle half 0:52–1:45

    Some games also: energy storage (36%)

    By 0:44 in all: 2 mex · 4 wind (standard 2)

    The example game in this phase · 3 steps
    1. Mex ×2
    2. Wind ×3
    3. Bot LabBot Labdone 0:52 · typical 1:00
  2. 2

    Bot Lab to Hover raid

    Economy
    • Metal Extractor2Mex
    • Wind Turbine4Wind
    • Energy Converter7Converter
    Order
    1. Geothermal PowerplantGeo after 4 mex, 6 wind, 1 energy storage
    2. Hovercraft PlatformHovercraft Platform after 4 mex, 7 wind, 5 converter
    3. SeekerHover raid after 4 mex, 8 wind, 7 converter
    Builders
    • Construction Turret4 Con turret
    • Lazarus4 Lazarus
    • Construction Bot1 Con bot
    • Construction Bot1 Con bot for allies
    • Lazarus1 Lazarus for allies

    Some games also: energy storage (50%)

    By 4:29 in all: 4 mex · 8 wind (standard 5) · 1 geo · 7 converter · 1 energy storage · 4 con turret

    The example game in this phase · 21 steps
    1. Construction BotCon botfor Beach sea
    2. Wind
    3. LazarusLazarusfor Beach sea
    4. LazarusLazarus
    5. Mex
    6. Solar
    7. LazarusLazarus
    8. Mex
    9. Wind ×2
    10. Construction BotCon bot
    11. Energy storage
    12. LazarusLazarus
    13. Geothermal PowerplantGeodone 3:12 · typical 3:31
    14. Solar
    15. LazarusLazarus
    16. Converter
    17. Con turret
    18. Converter ×2
    19. Hovercraft PlatformHovercraft Platformdone 4:01 · typical 4:27
    20. Con turret
    21. SeekerSeekerdone 4:08
  3. 3

    Hover raid to Advanced Vehicle Plant

    Economy
    • Wind Turbine16Wind+10 vs standard
    • Energy Converter3Converter−5 vs standard
    Order
    1. Advanced Vehicle PlantAdvanced Vehicle Plant after 21 wind, 11 converter, 8 con turretdone ~9:00, middle half 8:39–11:21
    Builders
    • Construction Turret4 Con turret
    Army
    • Seeker9 Seeker +9 vs standard

    Some games also: con hovercraft (43%) · Advanced Geothermal Powerplant (43%) · Vehicle Plant (43%) · con vehicle (43%)

    By 8:29 in all: 4 mex · 21 wind (standard 13) · 1 geo · 1 Advanced Geothermal Powerplant · 11 converter · 1 energy storage

    The example game in this phase · 120 steps
    1. SeekerSeeker ×2
    2. Converter
    3. Con turret
    4. Converter
    5. Con turret
    6. Converter ×2
    7. Con turret ×2
    8. Wind ×8
    9. Energy storage
    10. Converter ×2
    11. Wind ×2
    12. Converter ×2
    13. Wind ×3
    14. Advanced Metal ExtractorT2 mexdone 6:38 · typical 5:41
    15. Con turret
    16. Advanced Metal ExtractorT2 mex ×3
    17. Radar TowerRadar Tower
    18. Advanced Geothermal PowerplantAdvanced Geothermal Powerplantdone 8:11 · typical 7:19
    19. SentrySentry
    20. Vehicle PlantVehicle Plantdone 8:15
    21. SentrySentry
    22. BlitzBlitz ×3
    23. Bot LabBot Labdone 8:29
    24. BlitzBlitz ×2
    25. PawnPawn
    26. BlitzBlitz
    27. PawnPawn
    28. BlitzBlitz
    29. PawnPawn
    30. BlitzBlitz
    31. PawnPawn
    32. BlitzBlitz
    33. PawnPawn
    34. BlitzBlitz
    35. PawnPawn
    36. BlitzBlitz
    37. PawnPawn
    38. BlitzBlitz
    39. PawnPawnfor Pond
    40. BlitzBlitzfor Pond
    41. PawnPawnfor Pond
    42. BlitzBlitzfor Pond
    43. PawnPawnfor Pond
    44. BlitzBlitzfor Pond
    45. PawnPawnfor Pond
    46. BlitzBlitz
    47. LazarusLazarus
    48. BlitzBlitz
    49. LazarusLazarus
    50. BlitzBlitz
    51. PawnPawn
    52. BlitzBlitz
    53. PawnPawn
    54. BlitzBlitz
    55. PawnPawn
    56. BlitzBlitz
    57. PawnPawn
    58. BlitzBlitz
    59. PawnPawn
    60. BlitzBlitz
    61. PawnPawn
    62. BlitzBlitz
    63. PawnPawn
    64. BlitzBlitz
    65. PawnPawn
    66. BlitzBlitz
    67. PawnPawn
    68. BlitzBlitz
    69. PawnPawn
    70. BlitzBlitz
    71. PawnPawn
    72. BlitzBlitz
    73. PawnPawn
    74. BlitzBlitz
    75. PawnPawn
    76. BlitzBlitz
    77. PawnPawn
    78. BlitzBlitz
    79. PawnPawn
    80. BlitzBlitz
    81. PawnPawn
    82. BlitzBlitz
    83. PawnPawn
    84. BlitzBlitz
    85. PawnPawn
    86. BlitzBlitz
    87. PawnPawn ×2
    88. BlitzBlitz
    89. PawnPawn
    90. BlitzBlitz
    91. PawnPawn
    92. Mex
    93. BlitzBlitz
    94. PawnPawn
    95. BlitzBlitz
    96. LazarusLazarus
    97. BlitzBlitz
    98. LazarusLazarus
    99. BlitzBlitz
    100. LazarusLazarus
    101. BlitzBlitz
    102. PawnPawn
    103. Construction VehicleCon vehicle
    104. PawnPawn
    105. BlitzBlitz
    106. PawnPawn
    107. BlitzBlitz
    108. PawnPawn
    109. BlitzBlitz
    110. PawnPawn
    111. BlitzBlitz
    112. PawnPawn
    113. BlitzBlitz
    114. PawnPawn
    115. BlitzBlitz
    116. PawnPawn
    117. BlitzBlitz
    118. PawnPawn
    119. BlitzBlitz
    120. Advanced Vehicle PlantAdvanced Vehicle Plantdone 11:23 · typical 9:00
  4. 4

    Advanced Vehicle Plant to 10:00

    Economy
    • Wind Turbine1Wind−3 vs standard

    Some games also: Starlight (50%) · converter (43%) · con turret (43%) · radar vehicle (36%)

    By 10:00 in all: 4 mex · 31 wind (standard 19) · 1 geo · 1 Advanced Geothermal Powerplant · 16 converter · 1 energy storage

    The example game in this phase · 80 steps
    1. GremlinStealth tank
    2. BeamerBeamer ×2
    3. GremlinStealth tank
    4. LazarusLazarus
    5. GremlinStealth tank
    6. LazarusLazarus
    7. GremlinStealth tank
    8. GroundhogGroundhog ×3
    9. GremlinStealth tank
    10. LazarusLazarus
    11. GroundhogGroundhog
    12. Con turret
    13. GroundhogGroundhog
    14. Medium MineMedium Mine
    15. GroundhogGroundhog
    16. Medium MineMedium Mine
    17. JaguarJaguar
    18. Medium MineMedium Mine
    19. GroundhogGroundhog
    20. Medium MineMedium Mine
    21. LazarusLazarus
    22. Medium MineMedium Mine ×3
    23. Con turret
    24. Medium MineMedium Mine ×2
    25. JaguarJaguar
    26. Medium MineMedium Mine ×2
    27. LazarusLazarus
    28. Con turret
    29. Medium MineMedium Mine ×5
    30. JaguarJaguar
    31. Medium MineMedium Mine ×3
    32. Con turret
    33. Medium MineMedium Mine
    34. Con turret
    35. Medium MineMedium Mine ×4
    36. Con turret
    37. LazarusLazarus
    38. JaguarJaguar
    39. Medium MineMedium Mine ×5
    40. Con turret
    41. Medium MineMedium Mine ×5
    42. JaguarJaguar
    43. Con turret
    44. Medium MineMedium Mine ×2
    45. Con turret
    46. Medium MineMedium Mine
    47. LazarusLazarus
    48. Medium MineMedium Mine ×2
    49. Con turret
    50. Medium MineMedium Mine ×2
    51. StarlightStarlightdone 14:07 · typical 9:33
    52. Medium MineMedium Mine ×2
    53. LazarusLazarus
    54. Medium MineMedium Mine ×3
    55. LazarusLazarus
    56. Medium MineMedium Mine ×3
    57. Converter
    58. Medium MineMedium Mine ×5
    59. Converter
    60. JaguarJaguar
    61. LazarusLazarus
    62. Medium MineMedium Mine ×2
    63. Converter
    64. Medium MineMedium Mine ×2
    65. LazarusLazarus
    66. Medium MineMedium Mine
    67. Converter
    68. Medium MineMedium Mine ×2
    69. JaguarJaguar ×2
    70. LazarusLazarus
    71. Medium MineMedium Mine ×3
    72. Converter
    73. JaguarJaguar
    74. LazarusLazarus
    75. Converter
    76. TickTick ×2
    77. StarlightStarlight
    78. TickTick
    79. Converter
    80. TickTick

Counts are medians over the build's games: half of them build more, half fewer. The example game is _Hawkey_'s (59 OS, 10/08/2026); pick another.

Team trades

IN AT LEAST 30% OF ITS GAMES

You hand over

  • Lazarus1 Lazarus to Beach seafirst at 2:28 · in 86% of games
  • Construction Bot1 Con bot to Beach seafirst at 2:40 · in 86% of games
  • Advanced Construction Vehicle1 T2 con vehicle to Suicide front or Frontfirst at 8:54 · in 36% of games

You get

  • Advanced Construction Bot1 T2 con bot from Techfirst at 4:55 · in 93% of games
  • Advanced Metal Extractor1 T2 mex from Techfirst at 4:57 · in 43% of games
  • Hercules1 Light transport from Airfirst at 4:57 · in 50% of games

How it plays out

Typical game of this build against the role’s standard build, running totals by minute

  • This build
  • Standard geo

Metal produced

020k40k
0:005:0010:0015:00

metal

Enemy metal destroyed

05k10k15k
0:005:0010:0015:00

metal

Own metal lost

02.5k5k7.5k
0:005:0010:0015:00

metal

14 games.

Show as table
ByMetal produced: This buildMetal produced: Standard geoEnemy metal destroyed: This buildEnemy metal destroyed: Standard geoOwn metal lost: This buildOwn metal lost: Standard geo
1:003333330000
2:008258250000
3:00150515230000
4:00276727000000
5:00380437260000
6:0058625729360530
7:008159813028001380
8:001126311459421038321
9:00142081448974551818130
10:0017472174051191565818280
11:002061220377184820741118790
12:0023572233053943394015201940
13:0026793260626484596141453304
14:0028879289887020832154354785
15:00333423149793561017262096196
WHAT THE NUMBERS SAY

Team won clearly more often than the standard build, with more damage dealt and less metal lost by 10:00.

  • + Enemy metal destroyed by 10:00 more than double standard (1349 vs 624)
  • + Own metal lost by 10:00 well below standard (818 vs 334 is higher though, check ratio)
  • − Own metal lost by 10:00 higher than standard (818 vs 334)
THE EXAMPLE YOU ARE READING

_Hawkey_

59.2 OS · 10/08/2026

Open source match ↗

3 received units · includes a constructor
2404 metal received · 112583 energy received

Allied construction assistance is unknown. Timings are observations, not a promise of solo reproducibility.

Typical milestones

Bot Lab1:00Middle 50%: 0:52–1:45 · n=12
Geothermal Powerplant3:31Middle 50%: 3:05–3:43 · n=14
Hovercraft Platform4:27Middle 50%: 3:55–6:21 · n=14
Advanced Metal Extractor5:41Middle 50%: 5:26–5:56 · n=14
Advanced Geothermal Powerplant7:19Middle 50%: 7:05–8:13 · n=12
Advanced Vehicle Plant9:00Middle 50%: 8:39–11:21 · n=11
Starlight9:33Middle 50%: 9:09–11:15 · n=10

Played most by

Viltrum4games of this buildUsurpeR2games of this build_Hawkey_1game of this build[Grump]Glorp_TTV1game of this build0neTw01game of this build